 Dungeon Crawl Stone Soup version 0.27.0-1-g7a089689b8 (webtiles) character file.

Game seed: 2196926869757407306

177 MajorAdolf the Magician (level 5, -1/45 HPs)
             Began as a Naga Wanderer on Aug 16, 2021.
             Slain by Edmund (5 damage)
             ... on level 3 of the Dungeon.
             The game lasted 00:10:12 (4289 turns).

MajorAdolf the Magician (Naga Wanderer)             Turns: 4289, Time: 00:10:14

Health: -1/45      AC:  5    Str: 13    XL:     5   Next: 57%
Magic:  0/11       EV:  9    Int: 14    God:
Gold:   100        SH:  0    Dex: 11    Spells: 8/12 levels left

rFire    . . .     SeeInvis +   a - +0 short sword
rCold    . . .     Faith    .   (no shield)
rNeg     . . .     Spirit   .   b - +0 robe
rPois    +         Reflect  .   e - +1 helmet
rElec    .         Harm     .   c - scarf {+Inv}
rCorr    .         Rampage  .   l - +0 pair of gloves
Will     .....                  (no barding)
Stlth    +.........             (no amulet)
HPRegen  0.15/turn              (no ring)
MPRegen  0.12/turn              (no ring)

@: very slow
A: AC +1, large, see invisible, deformed body, poison resistance, slowness 2,
spit poison 1, naga tail 1
a: Spit Poison, Evoke Invisibility


You were on level 3 of the Dungeon.
You visited 1 branch of the dungeon, and saw 4 of its levels.

You collected 100 gold pieces.

Inventory:

Hand Weapons
 a - a +0 short sword (weapon)
Missiles
 d - 152 stones
Armour
 b - a +0 robe (worn)
 c - a scarf of invisibility (worn)
 e - a +1 helmet (worn)
 j - a +0 ring mail of cold resistance
 l - a +0 pair of gloves (worn)
 m - a +0 kite shield
Scrolls
 h - a scroll of noise {unknown}
 i - a scroll of fear {unknown}
 k - a scroll of teleportation
Potions
 f - a potion of cancellation {unknown}
 g - a potion of attraction {unknown}


   Skills:
 - Level 2.0 Fighting
 - Level 1.0 Short Blades
 + Level 1.0 Shields
 + Level 4.0 Spellcasting
 + Level 2.7 Conjurations
 - Level 1.0 Summonings
 + Level 3.0 Earth Magic
 - Level 1.0 Evocations


You had 8 spell levels left.
You knew the following spells:

 Your Spells              Type           Power      Damage    Failure   Level
a - Sandblast             Erth           22%        2d7       5%          1
b - Stone Arrow           Conj/Erth      20%        3d8       17%         3

Your spell library contained the following spells:

 Spells                   Type           Power      Damage    Failure   Level
 Passwall                 Tmut/Erth      5%         N/A       16%         2
 Static Discharge         Conj/Air       6%         N/A       17%         2
 Gell's Gravitas          Tloc           1%         N/A       50%         3
 Lesser Beckoning         Tloc           1%         N/A       50%         3
 Teleport Other           Tloc           2%         N/A       50%         3
 Petrify                  Tmut/Erth      7%         N/A       71%         4
 Lightning Bolt           Conj/Air       3%         1d14      97%         5
 Maxwell's Capacitive Co  Air            1%         ∞         100%        8


Dungeon Overview and Level Annotations

Branches:
Dungeon (4/15)
 Temple: D:4-7

Altars:
Sif Muna
Uskayaw

Shops:
D:2 *   D:3 ((::(

Annotations:
D:3 Edmund
D:4 Grinder


Innate Abilities, Weirdness & Mutations

Your serpentine skin is tough. (AC +1)
You have supernaturally acute eyesight. (SInv)
Armour fits poorly on your strangely shaped body.
Your system is resistant to poisons. (rPois)
You cover ground very slowly.
You can spit poison.
You have a snake-like lower body.


Message History

The blast of sand hits Edmund but does no damage.
Edmund is heavily wounded.
d - 152 stones Edmund hits you with a +1 flail of protection!
Edmund barely misses you.
You climb upwards.
There is a stone staircase leading down here.
You see here a jackal corpse.
Unknown command.
Press: ? - help, Shift-Dir - straight line, f - Edmund
Aim: Edmund, wielding a +1 flail of protection and wearing a +0 scale mail (heavily wounded, poisoned)
The splash of poison hits Edmund but does no damage.
Edmund looks even sicker.
Edmund is heavily wounded.
Edmund hits you with a +1 flail of protection.
Edmund hits you with a +1 flail of protection.
You see here a jackal corpse.
You see here a hobgoblin skeleton.
Your magical contamination has completely faded away.
There is a stone staircase leading down here.
Edmund closely misses you.
You have got your breath back.
Press: ? - help, Shift-Dir - straight line, f/p - Edmund
Aim: Edmund, wielding a +1 flail of protection and wearing a +0 scale mail (almost dead, poisoned)
The splash of poison hits Edmund.
Edmund is almost dead.
Edmund hits you with a +1 flail of protection!
* * * LOW HITPOINT WARNING * * *
Okay, then.
Edmund looks more healthy.
Edmund hits you but does no damage.
You have got your breath back.
Casting: Sandblast (safe; 5% risk of failure)
Confirm with . or Enter, or press ? or * to list all spells.
Aiming: Stone Arrow (dangerous; 17% risk of failure)
Press: ? - help, Shift-Dir - straight line, f/p - Edmund
Aim: Edmund, wielding a +1 flail of protection and wearing a +0 scale mail (almost dead, 72% to hit)
The stone arrow hits Edmund.
Edmund is almost dead.
Edmund hits you with a +1 flail of protection.
You die...

##....####.#### #...##.#....#
...#### #8# #....##.....##
.....## #.# #.##.....##..#
.###..####)#### #.###...#.##.#
.#
##.........######.####.÷##.#..
##
#########...)..)........###..
.# ########.#####....... .#
#########.####..#..... .#
#####)..@@................ ##
###.>†÷>####.#####...#.#####
######...#######..# ##..##..#
##. ##.....### #...##
#..###.####.. ######## #.###
#.##...##...# ##8###
#####.######.#..####.### ._._.#
#............).#####)# #
#...######.......###..#...).).#
#
#♣.♣##...........#......#######


You could see Edmund.

Vanquished Creatures
  An orc wizard (D:3)
  5 adders (D:3)
  4 worms
  A dart slug (D:1)
  8 orcs (D:3)
  4 bats (D:1)
  6 endoplasms
  A giant cockroach (D:1)
  7 hobgoblins
  15 jackals
  3 quokkas (D:1)
  6 ball pythons
  5 frilled lizards
  7 goblins
  4 kobolds
  3 rats
80 creatures vanquished.

Vanquished Creatures (others)
  3 plants (D:2)
3 creatures vanquished.

Grand Total: 83 creatures vanquished

Notes
Turn   | Place    | Note
-------+----------+-------------------------------------------
     0 | D:1      | MajorAdolf the Naga Wanderer began the quest for the Orb.
     0 | D:1      | MajorAdolf set off with the following items: a +0 short
                  | sword, a +0 robe; and the following spell memorised:
                  | Sandblast; and the following spells available to memorise:
                  | Passwall, Stone Arrow, Petrify
     0 | D:1      | Reached XP level 1. HP: 19/19 MP: 4/4
   461 | D:1      | Reached XP level 2. HP: 24/26 MP: 6/6
   752 | D:1      | Reached skill level 1 in Conjurations
  1177 | D:1      | Reached XP level 3. HP: 32/32 MP: 7/7
  1270 | D:1      | Learned a level 3 spell: Stone Arrow
  1728 | D:2      | Found Uzugego's Assorted Antiques.
  2332 | D:2      | Found a faded altar of an unknown god.
  2579 | D:2      | Reached XP level 4. HP: 39/39 MP: 9/9
  2888 | D:3      | Found Oxzil's Weapon Shoppe.
  3092 | D:3      | Reached XP level 5. HP: 29/45 MP: 4/10
  3420 | D:3      | Found Isolodd's Book Shop.
  3579 | D:3      | Reached skill level 4 in Spellcasting
  3591 | D:3      | Found Xuqoolaw's Book Shoppe.
  3602 | D:3      | Found Kubioz's Weapon Shop.
  3606 | D:3      | Found Xutetelodi's Antique Weapon Emporium.
  3711 | D:3      | Found a hide-covered altar of Uskayaw.
  3712 | D:3      | Found a shimmering blue altar of Sif Muna.
  4145 | D:4      | Noticed Grinder
  4196 | D:4      | Noticed Edmund
  4289 | D:3      | Slain by Edmund

Illustrated notes

Levels and vault maps discovered:
D:1:      dpeg_arrival_tiny_g, layout_loops_corners
D:2:      layout_basic, serial_shops, shop_fountains, serial_forest,
          infiniplex_forest_straight_5, infiniplex_forest_clump_diagonal,
          infiniplex_forest_clump_medium, infiniplex_forest_clump_curved,
          infiniplex_forest_lined_room_, basic_ecumenical_altar,
          glass_columns_c, chequers_jeans
D:3:      layout_rooms, gammafunk_temple_overflow_statue, serial_shops, shop,
          shop, shop, nicolae_shop_crystal, nicolae_shop_statue_plus,
          minmay_bisected
D:4:      layout_rooms, yredelemnul_altar_generic, minmay_misc_feat_rows,
          uniq_grinder, uniq_edmund

Skill      XL: |  1  2  3  4  5 |
---------------+----------------+-----
Conjurations   | 1 2 |  2.7
Earth Magic    | 2 3 |  3.0
Spellcasting   | 4 |  4.0
Fighting       | |  2.0
Short Blades   | |  1.0
Shields        | |  1.0
Summonings     | |  1.0
Evocations     | |  1.0

Action                   |  1- 3 |  4- 6 || total
-------------------------+-------+-------++-------
Melee: Short sword       |    81 |    77 ||   158
 Cast: Sandblast         |     1 |    17 ||    18
       Stone Arrow       |       |     4 ||     4
 Abil: Spit Poison       |    49 |    29 ||    78
  Use: Scroll            |       |     1 ||     1
 Stab: Sleeping          |       |     1 ||     1
Armor: Robe              |    45 |    39 ||    84
Dodge: Dodged            |    60 |    36 ||    96
Block: Kite shield       |       |     6 ||     6
